 Dungeon Crawl Stone Soup version 0.29.0-5-ge4962eb29e (webtiles) character file.

Game seed: 15696238530010830176

315 Setbun the Magician (level 6, -2/40 HPs)
             Began as a Djinni Ice Elementalist on Aug 27, 2022.
             Slain by an ice beast (19 damage)
             ... on level 3 of the Dungeon on Aug 28, 2022.
             The game lasted 00:03:34 (2764 turns).

Setbun the Magician (Djinni Ice Elementalist)       Turns: 2764, Time: 00:03:35

Health: -2/40      AC:  5    Str:  7    XL:     6   Next: 72%
Gold:   134        EV: 12    Int: 19    God:
                   SH:  0    Dex: 13

rFire   + + .      SeeInvis .   (no weapon)
rCold   x . .      Faith    .   (no shield)
rNeg    . . .      Spirit   .   a - +0 robe
rPois   ∞          Reflect  .   f - +1 helmet
rElec   .          Harm     .   m - +0 cloak
rCorr   .          Rampage  .   (no gloves)
Will    .....                   (boots unavailable)
Stlth   ++........              e - amulet of regeneration
HPRegen 0.93/turn               (no ring)
MPRegen 0.00/turn               (no ring)

@: flying
A: sickness immunity, fire resistance 2, cold vulnerability 1, float, innate
caster, HP casting, extra vitality 1
a: no special abilities


You were on level 3 of the Dungeon.
You visited 1 branch of the dungeon, and saw 3 of its levels.
You also visited: Sewer.

You collected 134 gold pieces.

Inventory:

Armour
 a - a +0 robe (worn)
 f - a +1 helmet (worn)
 m - a +0 cloak (worn)
Jewellery
 c - a ring of fire
 e - an amulet of regeneration (around neck)
Wands
 l - a wand of quicksilver (4)
Scrolls
 b - 4 scrolls of identify
 d - a scroll of fear
 i - 2 scrolls of fog
 k - a scroll of enchant armour {unknown}
Potions
 g - a potion of flight
 h - a potion of magic {unknown}
 j - 2 potions of haste {unknown}


   Skills:
 + Level 0.2 Fighting
 + Level 2.5 Dodging
 + Level 1.6 Stealth
 * Level 5.7 Spellcasting


You had 2 spell levels left.
You knew the following spells:

 Your Spells              Type           Power      Damage    Failure   Level
a - Freeze                Ice            100%       1d11      1%          1
b - Frozen Ramparts       Ice            54%        1d9       3%          3
c - Ozocubu's Armour      Ice            27%        N/A       3%          3
d - Hailstorm             Conj/Ice       27%        3d7       11%         4
e - Sting                 Tmut/Pois      100%       1d8       1%          1
f - Static Discharge      Conj/Air       27%        3-7/arc   1%          2
Your spell library was empty.

Dungeon Overview and Level Annotations

Branches:
Dungeon (3/15)              Sewer (visited)

Altars:
Ru


Innate Abilities, Weirdness & Mutations

You are immune to sickness and miasma.
You are immune to poison.
Your flesh is very heat resistant. (rF++)
You are vulnerable to cold. (rC-)
You float through the air rather than walking.
You learn spells naturally, not from books.
Your magical power is your life essence.
You have superior vitality. (+4 MHP)


Message History

The ice beast completely resists.
The ice beast closely misses you.
You freeze the ice beast but do no damage.
The ice beast completely resists.
The ice beast closely misses you.
Okay, then.
You barely miss the ice beast. The ice beast misses you.
You barely miss the ice beast. The ice beast completely misses you.
You hit the ice beast.
The ice beast is lightly wounded.
The ice beast hits you but does no damage.
You barely miss the ice beast.
The ice beast is lightly wounded.
The ice beast hits you but does no damage.
You hit the ice beast.
The ice beast is lightly wounded.
The ice beast completely misses you.
You barely miss the ice beast.
The ice beast is lightly wounded.
The ice beast barely misses you.
You barely miss the ice beast.
The ice beast is lightly wounded.
The ice beast hits you but does no damage.
You barely miss the ice beast.
The ice beast is lightly wounded.
The ice beast barely misses you.
You hit the ice beast but do no damage.
The ice beast is lightly wounded.
The ice beast hits you but does no damage.
You hit the ice beast.
The ice beast is lightly wounded.
The ice beast hits you but does no damage.
You hit the ice beast but do no damage.
The ice beast is lightly wounded.
The ice beast misses you.
You hit the ice beast but do no damage.
The ice beast is lightly wounded.
The ice beast hits you. The ice beast freezes you!
You feel a terrible chill!
You hit the ice beast but do no damage.
The ice beast is lightly wounded.
The ice beast hits you. The ice beast freezes you!!
You feel a terrible chill!
You die...

#.######.##.#..#~#####...
#. #.##.#..#~#.....## #.
#.##<##.#~#####.# #.
#....##.#~# #.# #.
#....####~# #.# #. #....#
#~### #.# #K #.####
#.#.###.# #.####.#
###~#..##'##
#.....@#####.###.......
#......Y...'...........
#.####...###........... #
#...# #....(...... #...#
#........... #...#
######.#..## #...# #.#..#
##### #.#..# #.##.#


You could see an ice beast.

Vanquished Creatures
  Pargi (Sewer)
  Crazy Yiuf (D:2)
  Natasha (thrice) (D:2)
  8 adders
  A worm (D:2)
  A dart slug (D:2)
  2 endoplasms
  5 goblins
  5 hobgoblins (D:1)
  4 jackals (D:2)
  A quokka (D:2)
  7 ball pythons
  3 bats
  3 frilled lizards
  5 kobolds
  3 rats
53 creatures vanquished.

Notes
Turn   | Place    | Note
-------+----------+-------------------------------------------
     0 | D:1      | Setbun the Djinni Ice Elementalist began the quest for the
                  | Orb.
     0 | D:1      | Setbun set off with the following spells memorised: Freeze,
                  | Frozen Ramparts, Ozocubu's Armour, Hailstorm.
     0 | D:1      | Reached XP level 1. HP: 15/15 MP: 0/0
   448 | D:1      | Found a faded altar of an unknown god.
   485 | D:1      | Reached XP level 2. HP: 15/21 MP: 0/0
  1161 | D:1      | Reached XP level 3. HP: 25/25 MP: 0/0
  1161 | D:1      | Learned a level 1 spell: Sting
  1288 | D:2      | Noticed Natasha
  1300 | D:2      | Killed Natasha
  1301 | D:2      | Reached skill level 4 in Spellcasting
  1301 | D:2      | Reached XP level 4. HP: 22/31 MP: 0/0
  1305 | D:2      | Noticed Natasha
  1315 | D:2      | Killed Natasha
  1668 | D:2      | Reached XP level 5. HP: 35/35 MP: 0/0
  1668 | D:2      | Learned a level 2 spell: Static Discharge
  1906 | D:2      | Noticed Natasha
  1912 | D:2      | Killed Natasha
  2117 | D:2      | Found a runed translucent door.
  2118 | D:2      | Noticed Crazy Yiuf
  2173 | D:2      | Killed Crazy Yiuf
  2174 | D:2      | Reached skill level 5 in Spellcasting
  2305 | D:3      | Reached XP level 6. HP: 36/40 MP: 0/0
  2366 | D:3      | Found a sacrificial altar of Ru.
  2448 | D:3      | Found a glowing drain.
  2462 | Sewer    | Entered a sewer
  2504 | Sewer    | Noticed Pargi
  2511 | Sewer    | Killed Pargi
  2675 | D:3      | Upgraded the game from 0.29.0-4-gdea44cf6ec to
                  | 0.29.0-5-ge4962eb29e
  2739 | D:3      | Noticed an ice beast
  2764 | D:3      | Slain by an ice beast

Illustrated notes

Levels and vault maps discovered:
D:1:      scummos_arrival_hexagon, layout_loops_corners,
          ebering_ecumenical_altar_abandoned, minmay_misc_feat_doors,
          minmay_misc_feat_four_crosses, minmay_tall_x
D:2:      layout_basic, grunt_decor_resistance, uniq_crazy_yiuf_cottage,
          uniq_natasha
D:3:      layout_basic, mainiacjoe_overflow_surrounded_room,
          portal_sewer_entry_d

Skill      XL: |  1  2  3  4  5 |
---------------+----------------+-----
Spellcasting   | 4 5 |  5.7
Fighting       | |  0.2
Dodging        | |  2.5
Stealth        | |  1.6

Action                   |  1- 3 |  4- 6 || total
-------------------------+-------+-------++-------
Melee: Unarmed           |     3 |    20 ||    23
 Cast: Freeze            |    42 |    64 ||   106
  Use: Scroll            |       |     7 ||     7
Armor: Robe              |     4 |    29 ||    33
Dodge: Dodged            |    18 |    48 ||    66
